 Dungeon Crawl Stone Soup version 0.30-a0-920-g7493c07aab (webtiles) character file.

Game seed: 8614187942457308312

997 cforsyth the Trooper (level 8, 0/63 HPs)
             Began as a Human Fighter on Mar 22, 2023.
             Was a Follower of Okawaru.
             Slain by an orc warrior
             ... wielding a +0 long sword
              (13 damage)
             ... on level 6 of the Dungeon.
             The game lasted 00:06:11 (5185 turns).

cforsyth the Trooper (Human Fighter)                Turns: 5185, Time: 00:06:12

Health: 0/63       AC:  8    Str: 18    XL:     8   Next: 42%
Magic:  8/8        EV:  9    Int: 10    God:    Okawaru [*.....]
Gold:   279        SH: 10    Dex: 12    Spells: 7/7 levels left

rFire   . . .      SeeInvis +    m - +2 whip (vamp)
rCold   . . .      Faith    .    c - +0 buckler
rNeg    . . .      Spirit   .    b - +0 scale mail
rPois   .          Reflect  +    (no helmet)
rElec   .          Rampage  .    (no cloak)
rCorr   .                        (no gloves)
Will    .....                    w - +0 pair of boots Stlth
                                 C - amulet of reflection
HPRegen 0.30/turn                e - ring of see invisible
MPRegen 0.11/turn                (no ring)

@: no status effects
A: no striking features
a: Renounce Religion, Heroism


You were on level 6 of the Dungeon.
You worshipped Okawaru.
Okawaru was aware of your devotion.
You visited 2 branches of the dungeon, and saw 7 of its levels.

You collected 279 gold pieces.

Inventory:

Hand Weapons
 a - a +0 flail
 m - a +2 vampiric whip (weapon)
Armour
 b - a +0 scale mail (worn)
 c - a +0 buckler (worn)
 w - a +0 pair of boots (worn)
Jewellery
 e - a ring of see invisible (left hand)
 y - a +6 ring of intelligence
 C - an amulet of reflection (around neck)
Scrolls
 f - 2 scrolls of amnesia {unknown}
 h - 2 scrolls of teleportation {unknown}
 i - a scroll of brand weapon {unknown}
 j - 4 scrolls of enchant armour {unknown}
 k - 7 scrolls of identify {unknown}
 l - a scroll of silence {unknown}
 n - 2 scrolls of immolation {unknown}
 o - a scroll of vulnerability {unknown}
 p - 2 scrolls of torment {unknown}
 q - 4 scrolls of noise {unknown}
 v - a scroll of acquirement {unknown}
 x - a scroll of blinking {unknown}
 B - a scroll of fog {unknown}
Potions
 d - a potion of might
 g - a potion of brilliance {unknown}
 r - 4 potions of heal wounds {unknown}
 s - a potion of flight {unknown}
 t - 2 potions of berserk rage {unknown}
 u - 2 potions of curing {unknown}
 z - a potion of degeneration {unknown}
 A - a potion of lignification {unknown}


   Skills:
 + Level 5.5 Fighting
 + Level 4.9 Maces & Flails
 + Level 5.4 Armour
 + Level 5.4 Shields


You had 7 spell levels left.
You didn't know any spells.
Your spell library contained the following spells:

 Spells                   Type           Power      Damage    Failure   Level
 Necrotise                Necr           0%         1d4       82%         1
 Sting                    Tmut/Pois      0%         1d3       82%         1
 Ensorcelled Hibernation  Hex/Ice        0%         N/A       91%         2
 Poisonous Vapours        Pois/Air       0%         N/A       91%         2
 Spider Form              Tmut/Pois      0%         N/A       99%         3
 Vampiric Draining        Necr           0%         2d6       99%         3
 Anguish                  Hex/Necr       0%         N/A       100%        4
 Olgreb's Toxic Radiance  Pois           0%         N/A       100%        4
 Agony                    Necr           0%         N/A       100%        5


Dungeon Overview and Level Annotations

Branches:
Dungeon (6/15)             Temple (1/1) D:4

Altars:
Cheibriados
Elyvilon
Nemelex Xobeh
Okawaru
Qazlal
Ru
Vehumet
Wu Jian
Zin

Shops:
D:5 *


Message History

The orc warrior is lightly wounded.
You feel sick. The orc hits you but does no damage.
You are more poisoned.
You block the orc's attack.
The orc hits you with a +2 mace of protection.
The orc warrior hits you but does no damage.
You hit the orc warrior but do no damage.
The orc warrior is lightly wounded.
You feel very sick. You block the orc warrior's attack.
The orc completely misses you. The orc hits you but does no damage. x2
You feel sick. The orc attacks as you move away! The orc misses you.
The orc warrior attacks as you move away!
The orc warrior hits you but does no damage.
You feel sick.
You feel sick. The orc attacks as you move away! You block the orc's attack.
You feel sick. You block the orc's attack.
The orc warrior attacks as you move away!
You block the orc warrior's attack.
Found a scroll labelled ILYQAYTULUR.
You feel sick.
You feel sick.
Okay, then.
You whack the orc warrior!
The orc warrior is moderately wounded.
You feel sick. You block the orc warrior's attack.
You hit the orc warrior but do no damage.
The orc warrior is moderately wounded.
You feel sick.
The orc warrior hits you with a +0 long sword!
* * * LOW HITPOINT WARNING * * *
You hit the orc warrior but do no damage.
The orc warrior is moderately wounded.
You feel sick.
You are no longer poisoned.
You hit the orc warrior.
The orc warrior is heavily wounded.
The orc warrior hits you with a +0 long sword!
You die...

...
..........##.......#....#..
...
........................#..
...
.................#...<..#..
...
.................#....#.#..
...
...........##.##.#..#.#.#..
...
#.#.###..oo.........#.#.#..
... # #
#.##o##..######.#.#.. ###
#.##o##.........#.#..
..##@##....####......
♣...........†..#......
♣.#.#.#....###.#.#.#.#
...#.#....###.#.#.#.# ♣.#
#.#........#.#)#.. ♣.
#.#............### ♣
?............#.#
#.##############


You could see an orc warrior and 3 orcs.

Vanquished Creatures
  Sigmund (D:2)
  A wyvern (D:5)
  An ogre (D:5)
  2 scorpions
  3 hounds
  2 iguanas
  2 orc wizards
  7 gnolls
  4 river rats (D:4)
  7 adders
  A white imp (D:4)
  7 worms
  4 dart slugs
  12 orcs
  8 ball pythons
  5 endoplasms
  3 giant cockroaches
  8 goblins
  7 hobgoblins
  6 kobolds
  7 quokkas
  9 bats
  2 frilled lizards
  6 rats
115 creatures vanquished.

Notes
Turn   | Place    | Note
-------+----------+-------------------------------------------
     0 | D:1      | cforsyth the Human Fighter began the quest for the Orb.
     0 | D:1      | Reached XP level 1. HP: 18/18 MP: 1/1
    45 | D:1      | Reached XP level 2. HP: 16/24 MP: 2/2
   298 | D:1      | Reached XP level 3. HP: 20/29 MP: 3/3
   844 | D:2      | Reached XP level 4. HP: 35/35 MP: 4/4
  1019 | D:2      | Noticed Sigmund
  1030 | D:2      | Killed Sigmund
  1031 | D:2      | Reached XP level 5. HP: 30/42 MP: 5/5
  1031 | D:2      | Reached XP level 6. HP: 34/48 MP: 6/6
  2005 | D:3      | Found a faded altar of an unknown god.
  2673 | D:3      | Found a faded altar of an unknown god.
  2994 | D:4      | Reached XP level 7. HP: 41/55 MP: 7/7
  3015 | D:4      | Found a staircase to the Ecumenical Temple.
  3028 | Temple   | Entered the Ecumenical Temple
  3237 | D:4      | Found an iron altar of Okawaru.
  3247 | D:4      | Became a worshipper of Warmaster Okawaru
  3832 | D:5      | Entered Level 5 of the Dungeon
  3973 | D:5      | Noticed a wyvern
  3988 | D:5      | Killed a wyvern
  3989 | D:5      | Reached skill level 5 in Fighting
  3989 | D:5      | Reached skill level 5 in Armour
  3989 | D:5      | Reached skill level 5 in Shields
  3989 | D:5      | Reached XP level 8. HP: 12/62 MP: 8/8
  4380 | D:5      | Reached * piety under Okawaru
  4430 | D:5      | Found Riaze's General Store.
  4654 | D:5      | Found a stormy altar of Qazlal.
  5185 | D:6      | Slain by an orc warrior

Illustrated notes

Levels and vault maps discovered:
D:1:      minmay_arrival_checkered_box, layout_rooms, minmay_pentomino_u2
D:2:      minmay_general_purpose_star, layout_loops_ring, grunt_ministairs_6,
          kennysheep_doodads, uniq_sigmund
D:3:      layout_basic, basic_ecumenical_altar, minmay_misc_feat_more_columns
D:4:      layout_rooms, lemuel_crystal_altar, minmay_temple_entry_tees,
          lightli_sewer_entry_pipes
D:5:      layout_cave_pools, mainiacjoe_overflow_24_doors, serial_shops, shop,
          serial_glass, glass_columns_a, glass_columns_c, due_unseen_surprise,
          item_on_display_b, minmay_misc_feat_hallway
D:6:      layout_basic, mainiacjoe_overflow_cross_hatched,
          lemuel_mausoleum_altar_yredelemnul, gammafunk_temple_overflow_claw,
          serial_curves, eino_curves_02, eino_curves_02, eino_curves_03,
          nrook_uturn, uniq_crazy_yiuf_cottage
Temple:   hellmonk_temple_two_chambers

Skill      XL: |  1  2  3  4  5  6  7 |
---------------+----------------------+-----
Fighting       | 4 5 |  5.5
Maces & Flails | 3 4 |  4.9
Armour         | 4 5 |  5.4
Shields        | 4 5 |  5.4

Action                     |  1- 3 |  4- 6 |  7- 9 || total
---------------------------+-------+-------+-------++-------
  Melee: Flail             |    75 |       |       ||    75
         Whip              |    24 |   192 |   337 ||   553
    Use: Potion            |       |       |     1 ||     1
 Armour: Scale mail        |    55 |    76 |   107 ||   238
  Dodge: Dodged            |    43 |   102 |   140 ||   285
  Block: Buckler           |    31 |    38 |    95 ||   164
         Reflection        |       |       |     1 ||     1

Table legend: (Time is in decaauts)
 A = Elapsed time spent in this place.
 B = Non-inter-level travel time spent in this place.
 C = Inter-level travel time spent in this place.
 D = Time resting spent in this place.
 E = Time spent auto-exploring this place.
 F = Levels seen in this place.
 G = Mean time per level.
                   A        B        C        D        E       F      G
               +--------+--------+--------+--------+--------+-----+--------+
         Total |   5222 |   4924 |    298 |    140 |   3579 |   7 |  746.0 |
       Dungeon |   5107 |   4812 |    295 |    140 |   3491 |   6 |  851.2 |
        Temple |    114 |    111 |      3 |      0 |     88 |   1 |  114.0 |
               +--------+--------+--------+--------+--------+-----+--------+

Top non-repeatable levels by time:
     D:3: 1428 daAuts
     D:4: 1010 daAuts
     D:5: 996 daAuts
     D:2: 968 daAuts
     D:1: 557 daAuts
     D:6: 146 daAuts
  Temple: 114 daAuts
